 Dungeon Crawl Stone Soup version bcrawl-1.12-11-gb93c957c58 (webtiles) character file.

Game seed: 6693106943403203858

95 Banto the Magician (level 4, 0/36 HPs)
             Began as an Oni Fire Elementalist on June 26, 2019.
             Slain by an orc
             ... wielding a +0 flail
              (7 damage)
             ... on level 1 of the Dungeon.
             The game lasted 00:01:24 (979 turns).

Banto the Magician (Oni Fire Elementalist)           Turns: 979, Time: 00:01:24

Health: 0/36       AC:  2    Str: 12    XL:     4   Next: 65%
Magic:  4/10       EV: 12    Int: 17    God:
Gold:   76         SH:  0    Dex: 11    Spells: 7/8 levels left

rFire    . . .     SeeInvis .   (no weapon)
rCold    . . .     Gourm    .   (no shield)
rNeg     . . .     Faith    .   a - +0 animal skin
rPois    .         Spirit   .   (helmet restricted)
rElec    .         Reflect  .   (no cloak)
rCorr    .         Harm     .   (no gloves)
MR       .....                  (no boots)
Stlth    ++........             (no amulet)
HPRegen  0.12/turn              (no ring)
MPRegen  0.12/turn              (no ring)

@: no status effects
A: oni magic, claws 1, fangs 1, horns 1
a: no special abilities


You were on level 1 of the Dungeon.
You were not hungry.

You visited 1 branch of the dungeon, and saw 2 of its levels.

You collected 76 gold pieces.

Inventory:

Armour
 a - a +0 animal skin (worn)
Scrolls
 e - a scroll of identify {unknown}
Potions
 b - 2 potions of curing {unknown}
 d - a potion of agility {unknown}
Comestibles
 c - a ration {!d}


   Skills:
 + Level 2.1 Fighting
 - Level 1.7 Dodging
 - Level 1.7 Stealth
 * Level 2.8 Spellcasting


You had 7 spell levels left.
You knew the following spells:

 Your Spells              Type           Power        Failure   Level  Hunger
a - Flame Tongue          Conj/Fire      ##...        5%          1    #......

Your spell library contained the following spells:

 Spells                   Type           Power        Failure   Level  Hunger
 Beastly Appendage        Tmut           ##....       4%          1    #......
 Swiftness                Chrm/Air       ##......     9%          2    ##.....
 Conjure Flame            Conj/Fire      ##......     17%         3    ###....
 Inner Flame              Hex/Fire       N/A          17%         3    ###....
 Sticky Flame             Conj/Fire      ##......     50%         4    #####..
 Fireball                 Conj/Fire      ##........   83%         5    ######.


Dungeon Overview and Level Annotations

Branches:
Dungeon (2/12)

Altars:


Innate Abilities, Weirdness & Mutations

You learn spells by gaining experience, not through books or religion.
You only train spellcasting to practice magic.
You have sharp fingernails.
You have very sharp teeth.
You have a pair of small horns on your head.


Message History

Aim: an orc, wielding a +0 trident (almost dead)
The flame tongue hits the orc.
The orc is moderately wounded.
The orc completely misses you. The orc closely misses you.
Casting: Flame Tongue (safe; 5% risk of failure)
Confirm with . or Enter, or press ? or * to list all spells.
Aiming: Flame Tongue (safe; 5% risk of failure)
Press: ? - help, Shift-Dir - straight line, f/p - orc
Aim: an orc, wielding a +0 trident (almost dead)
The flame tongue hits the orc.
The orc is heavily wounded.
The orc hits you with a +0 flail.
* * * LOW HITPOINT WARNING * * *
There is a stone staircase leading up here.
The orc barely misses you. The hobgoblin hits you with a +0 club.
* * * LOW HITPOINT WARNING * * *
You climb upwards.
There is a stone staircase leading down here.
The orc hits you with a +0 flail!
You die...

+..<..+.#.####.###.####
###.#######.......)...#####
..........#...............#
.#####.######.#.#####.###.#
.#####.##.[.....## #.# #.#
........#........# #.# #.#
###.######.##.#g.# #.# #.#
.........'.##.#o># #.###.#
###.#########.#.@# #.##..#
#.# #.# #.#..####.##.##
#.###.#####.........##.#
####...........#######.#
#####...........## #.#
.......#######.## #.#
#####..# #.# #.# #..# #.#
#.# #####..# #.# #.#


You could see an orc and a hobgoblin.

Vanquished Creatures
  2 orc priests (D:2)
  An ooze (D:1)
  A worm (D:1)
  2 dart slugs (D:1)
  2 leopard geckos (D:1)
  4 bats (D:1)
  2 goblins (D:1)
  2 hobgoblins
  4 jackals (D:1)
  A kobold (D:1)
  A ball python (D:1)
  3 frilled lizards (D:1)
  2 rats (D:1)
27 creatures vanquished.

Notes
Turn   | Place    | Note
-------+----------+-------------------------------------------
     0 | D:1      | Banto the Oni Fire Elementalist began the quest for the
                  | Orb.
     0 | D:1      | Reached XP level 1. HP: 14/14 MP: 4/4
   113 | D:1      | Reached XP level 2. HP: 22/22 MP: 3/6
   214 | D:1      | Reached skill level 1 in Fighting
   375 | D:1      | Reached XP level 3. HP: 11/28 MP: 0/8
   909 | D:2      | Reached XP level 4. HP: 36/36 MP: 4/9
   979 | D:1      | Slain by an orc

Skill      XL: |  1  2  3  4 |
---------------+-------------+-----
Fighting       | 1 2 |  2.1
Spellcasting   | 2 |  2.8
Dodging        | |  1.7
Stealth        | |  1.7

Action                   |  1- 3 |  4- 6 || total
-------------------------+-------+-------++-------
Melee: Unarmed           |    39 |       ||    39
       Bite              |     4 |       ||     4
       Headbutt          |     2 |       ||     2
 Cast: Flame Tongue      |    34 |     9 ||    43
 Stab: Sleeping          |     2 |       ||     2
  Eat: Chunk             |       |     1 ||     1
Armor: Animal skin       |    15 |       ||    15
Dodge: Dodged            |    31 |     3 ||    34
